 Dungeon Crawl Stone Soup version 0.29.0-4-gdea44cf6ec (webtiles) character file.

Game seed: 12708538019682630787

16 qw the Chopper (level 2, 0/17 HPs)
             Began as a Tengu Warper on Aug 28, 2022.
             Succumbed to a kobold's poison
             ... on level 1 of the Dungeon.
             The game lasted 00:00:02 (478 turns).

qw the Chopper (Tengu Warper)                        Turns: 478, Time: 00:00:02

Health: 0/17       AC:  3    Str: 11    XL:     2   Next: 54%
Magic:  6/6        EV: 11    Int: 13    God:
Gold:   46         SH:  0    Dex: 13    Spells: 5/5 levels left

rFire   . . .      SeeInvis .   a - +0 hand axe
rCold   . . .      Faith    .   (no shield)
rNeg    . . .      Spirit   .   b - +0 leather armour
rPois   .          Reflect  .   (helmet restricted)
rElec   .          Harm     .   (no cloak)
rCorr   .          Rampage  .   (no gloves)
Will    .....                   (boots unavailable)
Stlth   +.........              (no amulet)
HPRegen 0.05/turn               (no ring)
MPRegen 0.10/turn               (no ring)

@: lethally poisoned (0 -> -1)
A: beak, talons 3
a: no special abilities


You were on level 1 of the Dungeon.
You visited 1 branch of the dungeon, and saw 1 of its levels.

You collected 46 gold pieces.


Innate Abilities, Weirdness & Mutations

You have a beak for a mouth.
You have claws for feet.


   Skills:
 - Level 2.0 Fighting
 + Level 3.4 Axes
 - Level 1.0 Throwing
 - Level 1.1 Armour
 - Level 2.1 Dodging
 - Level 2.0 Spellcasting
 - Level 2.4 Translocations


You had 5 spell levels left.
You didn't know any spells.
Your spell library contained the following spells:

 Spells                   Type           Power      Damage    Failure   Level
 Blink                    Tloc           14%        N/A       19%         2
 Gell's Gravitas          Tloc           7%         N/A       36%         3
 Lesser Beckoning         Tloc           7%         N/A       36%         3
 Teleport Other           Tloc           7%         N/A       36%         3
 Manifold Assault         Tloc           7%         N/A       98%         5

Inventory:

Hand Weapons
 a - a +0 hand axe (weapon)
 e - a +0 club
Missiles
 d - 3 boomerangs of dispersal (quivered)
Armour
 b - a +0 leather armour (worn)
 f - a +0 buckler of positive energy
Jewellery
 i - a ring of willpower
Scrolls
 c - a scroll of blinking
 g - 2 scrolls of noise {unknown}
 h - a scroll of magic mapping {unknown}
Potions
 k - a potion of mutation {unknown}
 l - a potion of curing {unknown}

Dungeon Overview and Level Annotations

Branches:
Dungeon (1/15)

Altars:


Message History

Throw: 2 javelins
Press: ? - help, Q - select action, (/) - cycle Shift-Dir - straight line, f - kobold You throw a javelin.
The javelin pierces through the kobold.
The kobold is moderately wounded.
You hear a shout!
An endoplasm comes into view.
A goblin comes into view. It is wielding a +0 dagger.
Throw: javelin
Press: ? - help, Q - select action, (/) - cycle Shift-Dir - straight line, f/p - kobold You throw a javelin.
The javelin misses the kobold.
You hit the kobold but do no damage. Your kick misses the kobold.
The kobold is moderately wounded.
The kobold closely misses you.
You closely miss the kobold. Your kick misses the kobold.
You peck the kobold, but do no damage.
The kobold is moderately wounded.
The kobold hits you but does no damage.
You are poisoned.
You hit the kobold.
You kill the kobold!
You feel sick.
You hit the endoplasm but do no damage.
You peck the endoplasm, but do no damage.
You feel sick. The endoplasm freezes you.
You are frozen.
You barely miss the goblin. You peck the goblin.
The goblin is heavily wounded.
You barely miss the endoplasm.
You feel sick. The endoplasm hits you.
The goblin hits you with a +0 dagger. x2
The endoplasm hits you but does no damage.
You hit the goblin.
You kill the goblin!
You hit the endoplasm.
You feel sick. The endoplasm freezes you.
You are frozen.
You hit the endoplasm.
You kill the endoplasm!
You die...

~~~~~~# .......# ##...
#%..####. #.. .......# #....
.......... #(. .......####..).
#######.## #.. ......##....## #
#.. .....##.##.# # #..
#######....##.# # ### #..
#.............# #
####8#####.)##.#####.######## #
##.......##..@....# #.%.......
#
##.#######.#####...###.........
# #8.#8....##.##
#...............
####.##.###.##.#
#....>.#........
.#<##.#.#8#..#.#
###.............
.#..#.#....#.#.##
#......#######
.##.#..#8#.#.#.8#
#.............
..#.##.###.#.#.##
#............. ..##.##...##.#.#
###.......####


There were no monsters in sight!

Vanquished Creatures
  A bat (D:1)
  2 endoplasms (D:1)
  2 goblins (D:1)
  3 hobgoblins (D:1)
  A quokka (D:1)
  2 ball pythons (D:1)
  2 kobolds (D:1)
  A rat (D:1)
14 creatures vanquished.

Notes
Turn   | Place    | Note
-------+----------+-------------------------------------------
     0 | D:1      | qw the Tengu Warper began the quest for the Orb.
     0 | D:1      | Reached XP level 1. HP: 12/12 MP: 4/4
     0 | D:1      | 0 ||| qw: Version: 0.1-a-89-g26bdef1
     0 | D:1      | 0 ||| qw: Game counter: 539
     0 | D:1      | 0 ||| qw: Always use a shield: true
     0 | D:1      | 0 ||| qw: God list: Okawaru
     0 | D:1      | 0 ||| qw: Allow faded altars: false
     0 | D:1      | 0 ||| qw: Do Orc after D:15 true
     0 | D:1      | 0 ||| qw: Do second Lair branch before Depths: true
     0 | D:1      | 0 ||| qw: Lair rune preference: random
     0 | D:1      | 0 ||| qw: Plans: Normal
     0 | D:1      | 0 ||| PLANNING D:1-11
   143 | D:1      | Found a faded altar of an unknown god.
   242 | D:1      | Reached XP level 2. HP: 16/17 MP: 6/6
   256 | D:1      | Reached skill level 3 in Axes
   476 | D:1      | HP: 4/17 [goblin/+0 dagger (1)]
   477 | D:1      | HP: 1/17 [frozen (2)]
   478 | D:1      | Succumbed to a kobold's poison

Levels and vault maps discovered:
D:1:      nagdon_arrival_double_spiral, layout_basic,
          hellmonk_ecumenical_altar_leap_of_faith, serial_rivers,
          chequers_serial_rivers_small_b, chequers_serial_rivers_room_b,
          chequers_serial_rivers_room_b, chequers_serial_rivers_large_b,
          chequers_serial_rivers_micro_a, minmay_tiny_reverse_x

Skill      XL: |  1  2 |
---------------+-------+-----
Axes           | 3 |  3.4
Fighting       | |  2.0
Throwing       | |  1.0
Armour         | |  1.1
Dodging        | |  2.1
Spellcasting   | |  2.0
Translocations | |  2.4

Action                   || total
-------------------------++-------
Melee: Hand axe          ||    24
       Peck              ||     4
       Kick              ||     2
Throw: Javelin           ||    15
       Boomerang         ||     4
Armor: Leather armour    ||     8
Dodge: Dodged            ||    11

Table legend:
 A = Non-vault XP
 B = Vault XP
 C = Vault XP percentage of total XP
 D = Non-vault monster count
 E = Vault monster count
 F = Vault count percentage of total count
                 A         B        C        D         E       F
            +---------+---------+-------+---------+---------+-------
      Total |      22 |       3 |  12.0 |      12 |       2 |  14.3
            +---------+---------+-------+---------+---------+-------
        D:1 |      22 |       3 |  12.0 |      12 |       2 |  14.3
            +---------+---------+-------+---------+---------+-------
